 Dungeon Crawl Stone Soup version 0.21.0-25-ge575cb9 (webtiles) character file.

81 Draznyth the Skirmisher (level 4, 0/30 HPs)
             Began as a Gargoyle Fighter on Jan 23, 2018.
             Killed from afar by an orc wizard (7 damage)
             ... with a magic dart
             ... on level 2 of the Dungeon.
             The game lasted 00:02:47 (1717 turns).

Draznyth the Skirmisher (Gargoyle Fighter)          Turns: 1717, Time: 00:02:48

Health: 0/30       AC: 10    Str: 21    XL:     4   Next: 42%
Magic:  4/4        EV:  9    Int:  8    God:
Gold:   134        SH:  4    Dex:  9    Spells: 3/3 levels left

rFire    . . .     SeeInvis .   a - +0 flail
rCold    . . .     Gourm    .   l - +0 buckler
rNeg     + . .     Faith    .   b - +0 scale mail
rPois    ∞         Spirit   .   (no helmet)
rElec    +         Reflect  .   (no cloak)
rCorr    .         Harm     .   (no gloves)
MR       .....                  (no boots)
Stlth    ..........             (no amulet)
HPRegen  0.10/turn              (no ring)
MPRegen  0.09/turn              (no ring)

@: no status effects
A: negative energy resistance 1, electricity resistance, unbreathing,
petrification resistance, rot immunity, AC +3
a: no special abilities


You were on level 2 of the Dungeon.
You were not hungry.

You visited 1 branch of the dungeon, and saw 3 of its levels.

You collected 134 gold pieces.

Inventory:

Hand Weapons
 a - a +0 flail (weapon)
Armour
 b - a +0 scale mail (worn)
 c - a +0 shield
 l - a +0 buckler (worn)
 q - a +0 helmet
Jewellery
 o - a +6 ring of intelligence {unknown}
 r - a +5 ring of strength {unknown}
Scrolls
 e - 4 scrolls of remove curse {unknown}
 g - 2 scrolls of identify {unknown}
 i - a scroll of blinking {unknown}
 k - a scroll of magic mapping {unknown}
 m - a scroll of enchant weapon {unknown}
 n - 2 scrolls of random uselessness {unknown}
 s - a scroll of enchant armour {unknown}
 t - a scroll of fog {unknown}
Potions
 d - a potion of might
 j - 2 potions of curing {unknown}
 p - a potion of lignification {unknown}
Comestibles
 f - 2 rations
 h - a chunk of flesh


   Skills:
 * Level 4.3 Fighting
 + Level 2.7 Maces & Flails
 + Level 3.8 Armour
 + Level 3.8 Shields


You had 3 spell levels left.
You didn't know any spells.

Dungeon Overview and Level Annotations

Branches:
Dungeon (3/15)

Altars:


Innate Abilities, Weirdness & Mutations

You are resistant to torment.
Your stone body is resilient. (AC +3)
You are immune to poison.
You resist negative energy. (rN+)
You are resistant to electric shocks. (rElec)
You can survive without breathing.
You are immune to petrification.
You are immune to rotting.


Message History

You barely miss the orc. Something hits you but does no damage.
The orc hits you but does no damage. Something hits you but does no damage.
You hit the orc.
You kill the orc!
Something hits you but does no damage.
You hear some strange, mumbled words.
A puff of frost appears from out of thin air!
The puff of frost hits you!
* * * LOW HITPOINT WARNING * * *
You miss something.
Something hits you but does no damage. x2
You miss something.
Something hits you but does no damage. x2
You hit something. Something hits you.
* * * LOW HITPOINT WARNING * * *
Something hits you but does no damage.
You hit something.
Something hits you but does no damage. x2
You closely miss something.
You hear some strange, mumbled words.
A magic dart appears from out of thin air!
The magic dart hits you!
You die...

#.# #...# #.........#
#.########...# #.........#
#.#..........####.........##
#.#.........................
#.#.........#####.........##
###.#.........# #.........##
#.............# #...#####...
#.#...........#####...########
#.###........@)...............
#.###........{#####...########
#...#.........# #...# #..
##.##.#.#####.# #...# #..
#....#.# #.# #...# #..
######.#####.# #...######..
#........# #...).......
#.....#### ####........
#....÷# #........


There were no monsters in sight!

Vanquished Creatures
  2 adders (D:2)
  An ooze (D:2)
  A worm (D:2)
  A dart slug (D:2)
  2 orcs
  2 ball pythons (D:1)
  5 bats
  3 giant cockroaches
  3 goblins
  9 hobgoblins
  4 jackals (D:2)
  5 kobolds
  A quokka (D:2)
  2 frilled lizards (D:2)
  5 rats
46 creatures vanquished.

Notes
Turn   | Place    | Note
-------+----------+-------------------------------------------
     0 | D:1      | Draznyth the Gargoyle Fighter began the quest for the Orb.
     0 | D:1      | Reached XP level 1. HP: 14/14 MP: 1/1
   228 | D:1      | Reached XP level 2. HP: 19/19 MP: 2/2
  1041 | D:2      | Reached XP level 3. HP: 24/24 MP: 3/3
  1263 | D:2      | Reached skill level 4 in Fighting
  1443 | D:2      | Reached XP level 4. HP: 27/29 MP: 4/4
  1717 | D:2      | Killed from afar by an orc wizard

Skill      XL: |  1  2  3 |
---------------+----------+-----
Fighting       | 4 |  4.3
Maces & Flails | |  2.7
Armour         | |  3.8
Shields        | |  3.8

Action                   |  1- 3 |  4- 6 || total
-------------------------+-------+-------++-------
Melee: Flail             |   141 |    52 ||   193
  Eat: Chunk             |     2 |     1 ||     3
Armor: Scale mail        |   115 |    33 ||   148
Dodge: Dodged            |    68 |    28 ||    96
Block: Shield            |    43 |       ||    43
       Buckler           |    32 |     8 ||    40
